 Dungeon Crawl Stone Soup version 0.30-a0-122-g2a1322497e (webtiles) character file.

Game seed: 14708009538333747022

1227 IdlyInterested the Trooper (level 8, -5/65 HPs)
             Began as a Demonspawn Wanderer on Sept 16, 2022.
             Slain by a troll (7 damage)
             ... on level 5 of the Dungeon.
             The game lasted 00:17:46 (5693 turns).

IdlyInterested the Trooper (Demonspawn Wanderer)    Turns: 5693, Time: 00:17:48

Health: -5/65      AC: 18    Str: 14    XL:     8   Next: 23%
Magic:  12/12      EV: 10    Int: 13    God:
Gold:   368        SH:  0    Dex: 14    Spells: 12/12 levels left

rFire   + . .      SeeInvis .    l - +0 quarterstaff
rCold   . . .      Faith    .    (shield currently unavailable)
rNeg    . . .      Spirit   .    n - +1 scale mail {rF+}
rPois   .          Reflect  .    m - +2 helmet
rElec   .          Harm     .    g - +0 cloak
rCorr   .          Rampage  .    (no gloves)
Will    .....                    C - +2 pair of boots
Stlth   +.........               (no amulet)
HPRegen 0.20/turn                (no ring)
MPRegen 0.13/turn                (no ring)

@: no status effects
A: claws 1, thin metallic scales 2, demonic guardian 1, demonic magic 1
a: no special abilities


You were on level 5 of the Dungeon.
You visited 2 branches of the dungeon, and saw 6 of its levels.

You collected 368 gold pieces.

Inventory:

Hand Weapons
 l - a +0 quarterstaff (weapon)
 t - the +1 sling "Zakhovio" {flame, Dex+3 SInv}
   (You found it on level 2 of the Dungeon)

   Any ammunition fired from it burns those it strikes, dealing additional fire
   damage.
   Dex:       It affects your dexterity (+3).
   SInv:      It lets you see invisible.
Missiles
 a - 2 throwing nets
 k - 4 poisoned darts
 w - 14 boomerangs (quivered)
 D - an atropa-tipped dart
Armour
 g - a +0 cloak (worn)
 m - a +2 helmet (worn)
 n - a +1 scale mail of fire resistance (worn)
 C - a +2 pair of boots (worn)
 E - a +0 leather armour
Magical Staves
 f - a staff of death
 r - a staff of poison
 v - a staff of cold
Scrolls
 b - 2 scrolls of fear
 j - 4 scrolls of teleportation
 p - a scroll of enchant armour
 B - 2 scrolls of amnesia
Potions
 h - a potion of mutation
 i - a potion of attraction {unknown}
 u - a potion of curing
 z - a potion of brilliance {unknown}


   Skills:
 + Level 6.4 Fighting
 * Level 3.9 Staves
 - Level 1.0 Throwing
 - Level 4.0 Armour
 + Level 3.6 Dodging
 - Level 2.0 Stealth
 * Level 2.9 Spellcasting
 - Level 2.0 Poison Magic
 - Level 1.0 Evocations


You had 12 spell levels left.
You didn't know any spells.
Your spell library contained the following spells:

 Spells                   Type           Power      Damage    Failure   Level
 Sting                    Tmut/Pois      16%        1d3       52%         1
 Summon Small Mammal      Summ           4%         N/A       67%         1
 Ensorcelled Hibernation  Hex/Ice        2%         N/A       80%         2
 Spider Form              Tmut/Pois      4%         N/A       88%         3
 Ignite Poison            Fire/Tmut/Pois 3%         N/A       91%         3
 Call Canine Familiar     Summ           1%         N/A       95%         3
 Summon Guardian Golem    Hex/Summ       1%         N/A       95%         3
 Anguish                  Hex/Necr       0%         N/A       100%        4
 Dispersal                Tloc           0%         N/A       100%        6
 Disjunction              Tloc           0%         N/A       100%        8


Dungeon Overview and Level Annotations

Branches:
Dungeon (5/15)             Temple (1/1) D:4

Altars:
Ashenzari
Cheibriados
Dithmenos
Fedhas
Gozag
Hepliaklqana
Kikubaaqudgha
Makhleb
Nemelex Xobeh
Okawaru
Qazlal
Ru
Sif Muna
Trog
Uskayaw
Vehumet
Wu Jian
Xom
Yredelemnul

Shops:
D:1 (   D:2 [   D:5 ?((!


Innate Abilities, Weirdness & Mutations

You have sharp fingernails.
You are mostly covered in thin metallic scales. (AC +3)
A weak demonic guardian rushes to your aid.
Spells you cast may paralyse adjacent enemies.


Message History

Your quasit bites the troll but does no damage.
Your quasit claws the troll but does no damage.
Your quasit closely misses the troll.
The troll completely misses your quasit.
The troll closely misses your quasit. The troll claws your quasit.
Your quasit bites the troll.
Your quasit barely misses the troll.
Your quasit claws the troll but does no damage.
You completely miss the troll.
The troll is severely wounded.
Your quasit bites the troll but does no damage.
Your quasit claws the troll but does no damage.
Your quasit claws the troll.
The troll bites your quasit. The troll claws your quasit!
Your quasit dies!
Your quasit disappears in a puff of smoke!
The troll shouts!
You hit the troll.
The troll is severely wounded.
The troll closely misses you.
The troll claws you but does no damage. x2
You closely miss the troll.
The troll is severely wounded.
The troll bites you. The troll misses you. The troll claws you!
* * * LOW HITPOINT WARNING * * *
Unknown command.
You hit the troll.
The troll is severely wounded.
The troll bites you!
* * * LOW HITPOINT WARNING * * *
The troll barely misses you. The troll claws you.
* * * LOW HITPOINT WARNING * * *
Unknown command.
You feel better. The troll closely misses you. x2
The troll claws you but does no damage.
You hit the troll.
The troll is severely wounded.
The troll closely misses you. x2; The troll claws you but does no damage.
The troll bites you!
* * * LOW HITPOINT WARNING * * *
A demonic guardian appears!
The troll barely misses you. The troll claws you!
You die...

.........# ####.......#
############..#####.###
##[.##....# #..#
#....'....#####.##
#....##..##..##..#
####..#####)...)##..
##.5#'## )!##....####
#.)..##.....##..## #
#...@To..... ##'## #
##..##...8.( ##..## #
##+## ..... +....# #
##..## ....##.)..# #
#....## [)##'#..## #
#....'#####..#### #
##..##..##....# #
####....'..).# #
#.†..##..#######


You could see a troll (ally target), an orc and a friendly shadow imp
(summoned).

Vanquished Creatures
  Duvessa (D:4)
  2 ogres
  3 centaurs
  A phantom (D:3)
  A bullfrog (D:5)
  Dowan (D:4)
  A howler monkey (D:5)
  An orc priest (D:3)
  An iguana (D:5)
  An orc wizard (D:5)
  12 adders
  7 gnolls
  An ufetubus (D:5)
  4 worms
  2 dart slugs
  12 orcs
  6 ball pythons
  2 bats
  4 endoplasms
  4 giant cockroaches
  6 hobgoblins
  4 jackals (D:2)
  7 kobolds
  4 quokkas
  A frilled lizard (D:3)
  9 goblins
  5 rats
103 creatures vanquished.

Vanquished Creatures (collateral kills)
  A centaur (D:5)
  A gnoll sergeant (D:5)
2 creatures vanquished.

Grand Total: 105 creatures vanquished

Notes
Turn   | Place    | Note
-------+----------+-------------------------------------------
     0 | D:1      | IdlyInterested the Demonspawn Wanderer began the quest for
                  | the Orb.
     0 | D:1      | IdlyInterested set off with the following items: a +2
                  | dagger, a scroll of fear, a +0 ring mail, a potion of
                  | berserk rage; and the following spell memorised: Sting; and
                  | the following spells available to memorise: Ignite Poison.
     0 | D:1      | Reached XP level 1. HP: 13/13 MP: 2/2
   450 | D:1      | Found a faded altar of an unknown god.
   497 | D:1      | Reached skill level 1 in Fighting
   582 | D:1      | Found Nuaruickyi's Antique Weapon Emporium.
   589 | D:1      | Gained mutation: You are partially covered in thin metallic
                  | scales. (AC +2) [demonic ancestry]
   589 | D:1      | Reached XP level 2. HP: 21/21 MP: 3/3
   850 | D:2      | Reached skill level 2 in Fighting
   850 | D:2      | Reached XP level 3. HP: 14/27 MP: 4/4
  1151 | D:2      | Found Qeep's Antique Armour Shop.
  1181 | D:2      | Identified the +1 sling "Zakhovio" {flame, Dex+3 SInv}
  1457 | D:2      | Reached XP level 4. HP: 34/34 MP: 5/5
  1499 | D:2      | Reached skill level 3 in Fighting
  1501 | D:2      | Reached skill level 1 in Throwing
  1906 | D:3      | Noticed a phantom
  1928 | D:3      | Killed a phantom
  1929 | D:3      | Reached skill level 4 in Fighting
  1929 | D:3      | Reached skill level 1 in Dodging
  1929 | D:3      | Gained mutation: You have sharp fingernails. [demonic
                  | ancestry]
  1929 | D:3      | Reached XP level 5. HP: 42/42 MP: 6/6
  2171 | D:3      | Found a burning altar of Makhleb.
  2172 | D:3      | Noticed an angel
  2173 | D:3      | Noticed a blizzard demon
  2436 | D:3      | Noticed a centaur
  2453 | D:3      | Killed a centaur
  2454 | D:3      | Reached skill level 1 in Staves
  2454 | D:3      | Gained mutation: Spells you cast may paralyse adjacent
                  | enemies. [demonic ancestry]
  2454 | D:3      | Reached XP level 6. HP: 15/49 MP: 7/7
  3347 | D:4      | Reached skill level 5 in Fighting
  3472 | D:4      | Noticed Duvessa
  3472 | D:4      | Noticed Dowan
  3484 | D:4      | Killed Duvessa
  3490 | D:4      | Killed Dowan
  3491 | D:4      | Gained mutation: A weak demonic guardian rushes to your
                  | aid. [demonic ancestry]
  3491 | D:4      | Reached XP level 7. HP: 44/56 MP: 8/8
  3994 | D:4      | Found a staircase to the Ecumenical Temple.
  4241 | Temple   | Entered the Ecumenical Temple
  4289 | D:5      | Entered Level 5 of the Dungeon
  4320 | D:5      | Reached skill level 6 in Fighting
  4991 | D:5      | Found Eteff's Weapon Boutique.
  4991 | D:5      | Found Hiats's Distillery.
  4991 | D:5      | Found Caifif's Weapon Boutique.
  4998 | D:5      | Found Deoficwoh's Magic Scroll Boutique.
  5233 | D:5      | Gained mutation: You are mostly covered in thin metallic
                  | scales. (AC +3) [demonic ancestry]
  5233 | D:5      | Reached XP level 8. HP: 58/64 MP: 11/11
  5270 | D:5      | Found a shimmering altar of Xom.
  5272 | D:5      | Found a sacrificial altar of Ru.
  5275 | D:5      | Found a bloodstained altar of Trog.
  5670 | D:5      | Noticed a troll
  5691 | D:5      | HP: 2/65 [troll (3)]
  5693 | D:5      | Slain by a troll

Illustrated notes

Levels and vault maps discovered:
D:1:      eino_arrival_cavern_a, layout_loops_cross,
          dilly_ecumenical_altar_fadedgnrine, serial_shops, shop_fountains,
          minmay_hexomino_f4
D:2:      layout_rooms, serial_shops, shop, nicolae_figureground_pulse
D:3:      layout_basic, grunt_temple_overflow_order_and_chaos_2,
          minmay_statues_item
D:4:      layout_loops_ring, minmay_temple_entry_water_ring, uniq_duvessa
D:5:      minmay_bubble_buster, layout_basic, grunt_temple_overflow_diamond,
          minmay_shop_grid_forest
Temple:   sentei_temple_godly_chess

Skill      XL: |  1  2  3  4  5  6  7 |
---------------+----------------------+-----
Fighting       | 1 2 4 5 6 |  6.4
Stealth        | 2 |  2.0
Armour         | 4 |  4.0
Throwing       | 1 |  1.0
Dodging        | 1 2 3 |  3.6
Staves         | 1 2 3 |  3.9
Spellcasting   | 2 |  2.9
Poison Magic   | |  2.0
Evocations     | |  1.0

Action                   |  1- 3 |  4- 6 |  7- 9 || total
-------------------------+-------+-------+-------++-------
Melee: Dagger            |   164 |   180 |    27 ||   371
       Punch             |       |     4 |     1 ||     5
       Quarterstaff      |       |       |   147 ||   147
Throw: Dart              |       |       |     4 ||     4
       Boomerang         |       |       |     2 ||     2
  Use: Scroll            |     1 |     9 |     3 ||    13
       Potion            |       |     3 |     2 ||     5
 Stab: Sleeping          |       |     1 |       ||     1
Armor: Ring mail         |    94 |    18 |       ||   112
       Chain mail        |       |    99 |    62 ||   161
       Scale mail        |       |       |    83 ||    83
Dodge: Dodged            |   116 |    65 |   118 ||   299

Table legend: (Time is in decaauts)
 A = Elapsed time spent in this place.
 B = Non-inter-level travel time spent in this place.
 C = Inter-level travel time spent in this place.
 D = Time resting spent in this place.
 E = Time spent auto-exploring this place.
 F = Levels seen in this place.
 G = Mean time per level.
                   A        B        C        D        E       F      G
               +--------+--------+--------+--------+--------+-----+--------+
         Total |   5723 |   5291 |    432 |   1202 |   2598 |   6 |  953.8 |
       Dungeon |   5707 |   5282 |    425 |   1202 |   2598 |   5 | 1141.4 |
        Temple |     15 |      8 |      7 |      0 |      0 |   1 |   15.0 |
               +--------+--------+--------+--------+--------+-----+--------+

Top non-repeatable levels by time:
     D:3: 1549 daAuts
     D:5: 1273 daAuts
     D:4: 1010 daAuts
     D:1: 976 daAuts
     D:2: 897 daAuts
  Temple: 15 daAuts
